 Dungeon Crawl Stone Soup version 0.25-a0-105-g2289b3b9f1 (webtiles) character file.

Game seed: 10824468519835013857, levelgen mode: deterministic

7 mortelune the Vexing (level 1, -2/14 HPs)
             Began as a Demonspawn Wanderer on Nov 16, 2019.
             Slain by a kobold
             ... wielding a +0 short sword
              (4 damage)
             ... on level 1 of the Dungeon.
             The game lasted 00:00:57 (357 turns).

mortelune the Vexing (Demonspawn Wanderer)           Turns: 357, Time: 00:00:57

Health: -2/14      AC:  5    Str:  9    XL:     1   Next: 83%
Magic:  1/1        EV:  9    Int: 13    God:
Gold:   23         SH:  0    Dex: 15    Spells: 0/0 levels left

rFire    . . .     SeeInvis .   a - +2 hand axe
rCold    . . .     Gourm    .   (no shield)
rNeg     . . .     Faith    .   c - +0 ring mail
rPois    .         Spirit   .   (no helmet)
rElec    .         Reflect  .   (no cloak)
rCorr    .         Harm     .   (no gloves)
MR       .....                  (no boots)
Stlth    +.........             (no amulet)
HPRegen  0.04/turn              (no ring)
MPRegen  0.07/turn              (no ring)

@: no status effects
A: no striking features
a: no special abilities


You were on level 1 of the Dungeon.
You were not hungry.

You visited 1 branch of the dungeon, and saw 1 of its levels.

You collected 23 gold pieces.

Inventory:

Hand Weapons
 a - a +2 hand axe (weapon)
 d - a +0 dagger
Armour
 c - a +0 ring mail (worn)
Scrolls
 h - a scroll of remove curse {unknown}
 i - a scroll of fear {unknown}
Potions
 b - a potion of experience {unknown}
 e - a potion of flight {unknown}
 g - a potion of curing {unknown}
Comestibles
 f - a ration


   Skills:
 + Level 0.4 Fighting
 * Level 2.9 Axes
 + Level 1.9 Armour
 - Level 1.7 Stealth
   Level 3.0 Hexes


You couldn't memorise any spells.
You knew the following spells:

 Your Spells              Type           Power        Failure   Level  Hunger
a - Apportation           Tloc           #.....       63%         1    ##.....

Your spell library contained the following spells:

 Spells                   Type           Power        Failure   Level  Hunger
 Gell's Gravitas          Tloc           #.........   94%         3    ####...


Dungeon Overview and Level Annotations

Branches:
Dungeon (1/15)

Altars:


Message History

The kobold hits you with a +0 short sword.
You barely miss the kobold. You hit the kobold.
You kill the kobold!
You barely miss the ball python. The ball python bites you.
* * * LOW HITPOINT WARNING * * *
The ball python closely misses you. The kobold barely misses you.
You barely miss the kobold. You closely miss the ball python.
The ball python bites you but does no damage.
The ball python grabs you.
* * * LOW HITPOINT WARNING * * *
The ball python constricts you. The kobold hits you but does no damage.
The ball python bites you but does no damage.
* * * LOW HITPOINT WARNING * * *
The ball python constricts you.
You completely miss the kobold. You hit the ball python.
You kill the ball python!
The kobold hits you but does no damage.
You barely miss the kobold.
The kobold hits you with a +0 short sword.
You die...

... .......# ......
.......##. .......
#.........
........##.........
.........##.........
....................
................#..
.......?..(@K......
#####........).......
#...................#
+.......(...........#
##.........#.........#
..................?...
......................
.......................
.....##..............


You could see a kobold.

Vanquished Creatures
  A goblin (D:1)
  2 kobolds (D:1)
  A ball python (D:1)
  2 bats (D:1)
  A rat (D:1)
7 creatures vanquished.

Notes
Turn   | Place    | Note
-------+----------+-------------------------------------------
     0 | D:1      | mortelune the Demonspawn Wanderer began the quest for the
                  | Orb.
     0 | D:1      | mortelune set off with the following items: a +2 hand axe,
                  | a +0 ring mail, a +0 dagger, a ration; and the following
                  | spell memorised: Apportation; and the following spells
                  | available to memorise: Gell's Gravitas
     0 | D:1      | Reached XP level 1. HP: 13/13 MP: 1/1
   357 | D:1      | Slain by a kobold

Levels and vault maps discovered:
D:1:      minmay_arrival_split_and_join, layout_basic

Action                   || total
-------------------------++-------
Melee: Hand axe          ||    23
 Stab: Sleeping          ||     1
Armor: Ring mail         ||    21
Dodge: Dodged            ||    16

Table legend:
 A = Non-vault XP
 B = Vault XP
 C = Vault XP percentage of total XP
 D = Non-vault monster count
 E = Vault monster count
 F = Vault count percentage of total count
                 A         B        C        D         E       F
            +---------+---------+-------+---------+---------+-------
      Total |      10 |       0 |   0.0 |       7 |       0 |   0.0
            +---------+---------+-------+---------+---------+-------
        D:1 |      10 |       0 |   0.0 |       7 |       0 |   0.0
            +---------+---------+-------+---------+---------+-------
